Map: Port Aleksander LE

Players

PtitDrogo

  • Race: Protoss Protoss
  • Spawn Location: 11:00

Has - Winner!

  • Race: Protoss Protoss
  • League: Diamond
  • Spawn Location: 5:00

Event: 2019 WCS Spring

VOD

Have the link to the VOD?

Description

Time

  • Played on: May 17, 2019, 1:05 p.m.
  • Length: 9:19

All games in this series

Show
View Real Time Build Order
Export as new Build Order

PtitDrogo Protoss 

Build Orders: Zealot Archon 

Get SALT Encoding   

  12  0:00  Probe  
  13  0:13  Probe  
  14  0:19  Pylon  
  14  0:25  Probe  
  15  0:33  Probe  
  15  0:39  Gateway  
  15  0:41  Probe  
  16  0:48  Assimilator  
  17  0:51  Probe  
  17  0:56  Assimilator  
  18  1:00  Probe  
  19  1:08  Probe  
  19  1:13  Gateway  
  19  1:18  Probe  
  21  1:26  Cybernetics Core  
  21  1:30  Probe  
  22  1:37  Pylon  
  22  1:42  Probe  
  23  1:55  Probe  
  23  1:59  Warp Gate  
  24  2:04  Stalker, Sentry  
  28  2:14  Probe  
  29  2:16  Pylon  
  29  2:26  Probe  
  30  2:34  Stalker x2  
  34  2:56  Nexus  
  34  3:00  Probe  
  35  3:08  Pylon  
  35  3:13  Sentry  
  35  3:14  Sentry  
  39  3:26  Robotics Facility  
  39  3:29  Probe  
  40  3:37  Probe  
  40  3:38  Forge  
  40  3:45  Shield Battery  
  40  3:47  Probe  
  41  3:50  Stalker  
  44  3:58  Stalker  
  44  4:01  Probe  
  47  4:10  Probe, Shield Battery  
  47  4:14  Shield Battery  
  48  4:17  Probe  
  48  4:22  Probe  
  49  4:26  Probe  
  49  4:30  Probe  
  49  4:31  Observer  
  50  4:35  Probe  
  50  4:38  Probe  
  51  4:39  Shield Battery  
  51  4:44  Probe  
  51  4:45  Protoss Ground Weapons Level 1, Pylon  
  53  4:46  Twilight Council  
  53  4:49  Probe  
  53  4:52  Stalker  
  57  4:58  Immortal, Probe  
  57  5:01  Probe  
  60  5:14  Assimilator, Probe  
  60  5:16  Assimilator  
  61  5:21  Probe  
  61  5:23  Charge  
  62  5:29  Shield Battery  
  62  5:36  Gateway x2  
  62  5:37  Shield Battery  
  62  5:38  Probe  
  64  5:43  Stalker  
  64  5:45  Immortal  
  69  6:00  Gateway  
  69  6:02  Probe  
  70  6:11  Pylon  
  70  6:13  Gateway  
  70  6:15  Gateway  
  70  6:27  Pylon, Templar Archives  
  70  6:29  Probe  
  70  6:30  Pylon  
  71  6:35  Shield Battery  
  71  6:47  Zealot x3  
  77  6:59  Stalker x2  
  63  7:09  High Templar x2  
  63  7:10  Zealot x2  
  63  7:11  Probe  
  63  7:14  Archon  
  67  7:16  Probe  
  66  7:28  Probe  
  59  7:30  Zealot  
  52  7:45  High Templar  
  52  7:47  Probe  
  52  7:51  Probe  
  47  7:59  Probe  
  47  8:03  Probe  
  49  8:12  High Templar  
  52  8:14  High Templar  
  52  8:15  Probe  
  52  8:17  Probe  
  52  8:18  Archon  
  49  8:27  Probe  
  49  8:28  Zealot  
  50  8:34  Probe  
  48  8:51  Pylon  
  48  8:52  Pylon  
  48  8:54  Probe  
  43  9:07  Zealot x2  
Show
View Real Time Build Order
Export as new Build Order

Has Protoss - Winner!

Build Orders: Oracle Opening 

Get SALT Encoding   

  12  0:01  Probe  
  13  0:13  Probe  
  14  0:20  Pylon  
  14  0:23  Probe  
  15  0:34  Probe  
  15  0:39  Gateway  
  16  0:42  Probe  
  16  0:47  Assimilator  
  17  0:54  Probe  
  18  0:57  Assimilator  
  18  1:07  Probe  
  19  1:15  Gateway  
  19  1:19  Probe  
  20  1:26  Cybernetics Core  
  20  1:31  Probe  
  21  1:37  Pylon  
  21  1:43  Probe  
  22  1:55  Probe  
  23  2:03  Warp Gate  
  23  2:04  Stalker x2  
  23  2:07  Probe  
  28  2:12  Pylon  
  28  2:33  Stargate  
  28  2:43  Adept x2  
  32  3:00  Nexus  
  32  3:05  Probe  
  33  3:08  Oracle  
  36  3:23  Pylon  
  36  3:29  Robotics Facility  
  36  3:32  Probe  
  37  3:44  Probe  
  38  3:52  Probe  
  38  3:59  Sentry  
  38  4:00  Probe  
  38  4:02  Pylon  
  42  4:11  Probe  
  42  4:13  Probe  
  44  4:23  Probe  
  45  4:24  Immortal  
  45  4:25  Probe  
  43  4:35  Probe  
  48  4:39  Probe, Twilight Council  
  49  4:47  Probe  
  49  4:50  Pylon  
  49  4:51  Probe  
  51  4:58  Immortal  
  51  4:59  Probe  
  52  5:00  Resonating Glaives  
  52  5:06  Adept x2  
  56  5:15  Gateway x2  
  56  5:25  Gateway  
  56  5:26  Warp Prism  
  56  5:32  Probe x2  
  60  5:46  Pylon  
  60  5:49  Pylon  
  59  5:52  Sentry x2, Gateway  
  63  5:59  Pylon  
  63  6:03  Probe  
  63  6:04  Probe  
  65  6:06  Assimilator  
  65  6:16  Adept x4  
  73  6:32  Pylon  
  73  6:42  Adept x5  
  83  6:51  Warp Prism  
  77  7:05  Adept  
  77  7:06  Adept x5  
  85  7:23  Probe  
  85  7:24  Probe  
  71  7:40  Probe x2  
  71  7:41  Adept x5  
  71  7:42  Adept  
  85  7:45  Warp Prism  
  85  7:47  Dark Shrine  
  85  7:48  Pylon  
  85  7:50  Pylon  
  85  7:54  Probe x2  
  85  8:12  Assimilator  
  85  8:16  Pylon  
  85  8:18  Probe x2  
  81  8:30  Adept x6  
  77  8:51  Adept x5  
  77  8:52  Adept  
  71  9:14  Dark Templar x3  
  71  9:15  Dark Templar, Adept x2  
Tags
 
Add a new tag
Caveats
  • Supply blocks, unpowered buildings, or Contaminate may cause inaccurate times.
  • Supply counts are checked every 10 seconds.